cohdb
Replays
Latest Replays
All Replays
Popular Replays
Top Player Replays
Match Explorer
How It Works
Community
CoH3 Stats
Reddit
Sign in to upload your games and track your stats! →
Sign in with Steam
Match 47070240
Unlisted
Match 47070240
Overview
Messages
Build Orders
End
Kettenkrad Recon Vehicle
Construct Infanterie Kompanie
Selects Breakthrough Battlegroup
Selects Assault Grenadiers
MG 42 Machine Gun Team
MG 42 Machine Gun Team
GrW 34 Mortar Team
Construct Luftwaffe Kompanie
Jäger Squad
Medical Bunker
Forward Retreat Point
Selects 2.5-tonne Cargo Truck
Jäger Squad
2.5-tonne Cargo Truck
Construct Panzer Kompanie
Panzer IV Medium Tank
MG 42 Machine Gun Team
Selects Blitzkrieg
Panzer IV Medium Tank
Panzer Officer Quarters
Side Skirts
Blitzkrieg
Repair Bunker
Panzer IV Medium Tank
Not vincentbui
FARM7D
jerjawe
IRAQI MZMZ
jdrigo
BossManShaw
Herald of Salt
Mastermarius
0
0
Comments
sign in to comment!
No comments posted yet!